 Dungeon Crawl Stone Soup version 0.26-a0-712-ga5a9c9c9d0 (webtiles) character file.

Game seed: 12341292877179000022

31 Azzok the Chopper (level 3, 0/29 HPs)
             Began as a Demonspawn Berserker on Nov 9, 2020.
             Was a Follower of Trog.
             Slain by a frilled lizard (1 damage)
             ... on level 1 of the Dungeon.
             The game lasted 00:01:47 (900 turns).

Azzok the Chopper (Demonspawn Berserker)             Turns: 900, Time: 00:01:48

Health: 0/29       AC:  2    Str: 18    XL:     3   Next: 7%
Magic:  3/3        EV: 12    Int:  8    God:    Trog [*.....]
Gold:   43         SH:  0    Dex: 12    Spells: 2/2 levels left

rFire    + . .     SeeInvis .   a - +0 hand axe
rCold    . . .     Faith    .   (no shield)
rNeg     . . .     Spirit   .   b - +0 animal skin
rPois    .         Reflect  .   (helmet restricted)
rElec    .         Harm     .   (no cloak)
rCorr    .         Rampage  .   (no gloves)
MR       .....                  (no boots)
Stlth    +.........             (no amulet)
HPRegen  0.09/turn              (no ring)
MPRegen  0.08/turn              (no ring)

@: berserk cooldown, slowed, very slow
A: horns 1, fire resistance 1
a: Berserk, Renounce Religion


You were on level 1 of the Dungeon.
You worshipped Trog.
Trog was aware of your devotion.
You visited 1 branch of the dungeon, and saw 1 of its levels.

You collected 43 gold pieces.

Inventory:

Hand Weapons
 a - a +0 hand axe (weapon)
Armour
 b - a +0 animal skin (worn)
Scrolls
 c - a scroll of enchant armour {unknown}
 d - a scroll of remove curse {unknown}
 e - a scroll of enchant weapon {unknown}
 f - a scroll of identify {unknown}


   Skills:
 - Level 3.0 Fighting
 + Level 3.9 Axes
 - Level 1.7 Armour
 - Level 1.7 Dodging


You had 2 spell levels left.
You didn't know any spells.
Your spell library was empty.

Dungeon Overview and Level Annotations

Branches:
Dungeon (1/15)

Altars:


Innate Abilities, Weirdness & Mutations

You have a pair of small horns on your head.
Your flesh is heat resistant. (rF+)


Message History

The frilled lizard bites you.
* * * LOW HITPOINT WARNING * * *
The frilled lizard misses you. The kobold hits you with a +0 dagger.
* * * LOW HITPOINT WARNING * * *
The frilled lizard bites you.
* * * LOW HITPOINT WARNING * * *
The rat bites you.
* * * LOW HITPOINT WARNING * * *
Things that are here:
a +0 club; a goblin corpse The frilled lizard unfolds its giant frill.
The frilled lizard closely misses you.
The frilled lizard bites you but does no damage.
The frilled lizard closely misses you. The kobold barely misses you.
The kobold hits you but does no damage. The frilled lizard bites you.
* * * LOW HITPOINT WARNING * * *
The frilled lizard hisses.
The frilled lizard bites you.
You die...

▒▒▒▒ ▒▒▒ ▒··▒▒▒▒▒▒▒·▒
▒··(·······▒ ▒▒▒
▒··▒···†·▒·▒
··▒▒▒▒···▒·▒▒·▒·▒
▒·▒·············▒ ▒··
▒·▒·▒▒▒╬▒▒╬▒▒·▒▒▒ ▒···
▒@▒···········▒
▒····▒·lll·········▒
▒····▒▒▒▒K·········▒
▒····▒▒▒▒··········▒
▒·······ll··)······▒▒▒▒
▒·······)l·▒╬▒▒╬▒▒·▒▒··
▒··········▒ ▒·····
▒··········╬ ▒·····
▒▒·····†···▒ ▒········


You could see a kobold and 3 frilled lizards.

Vanquished Creatures
  A gnoll (D:1)
  2 leopard geckos (D:1)
  5 bats (D:1)
  3 goblins (D:1)
  6 frilled lizards (D:1)
  A kobold (D:1)
  3 rats (D:1)
21 creatures vanquished.

Notes
Turn   | Place    | Note
-------+----------+-------------------------------------------
     0 | D:1      | Azzok the Demonspawn Berserker began the quest for the Orb.
     0 | D:1      | Reached XP level 1. HP: 18/18 MP: 1/1
   357 | D:1      | Gained mutation: Your flesh is heat resistant. (rF+)
                  | [demonic ancestry]
   357 | D:1      | Reached XP level 2. HP: 24/24 MP: 2/2
   881 | D:1      | Gained mutation: You have a pair of small horns on your
                  | head. [demonic ancestry]
   881 | D:1      | Reached XP level 3. HP: 29/29 MP: 3/3
   898 | D:1      | HP: 1/29 [frilled lizard (3)]
   900 | D:1      | Slain by a frilled lizard

Illustrated notes

Levels and vault maps discovered:
D:1:      dpeg_arrival_windows_large_door, layout_basic, palyth_stone_intersect,
          serial_bayou_pond_e, minmay_lizard_pond

Skill      XL: |  1 |
---------------+----+-----
Axes           | 3 |  3.9
Fighting       | |  3.0
Armour         | |  1.7
Dodging        | |  1.7

Action                   || total
-------------------------++-------
Melee: Hand axe          ||    40
Invok: Berserk           ||     3
 Stab: Sleeping          ||     1
Armor: Animal skin       ||    15
Dodge: Dodged            ||    63

Table legend: (Time is in decaauts)
 A = Elapsed time spent in this place.
 B = Non-inter-level travel time spent in this place.
 C = Inter-level travel time spent in this place.
 D = Time resting spent in this place.
 E = Time spent auto-exploring this place.
 F = Levels seen in this place.
 G = Mean time per level.
                   A        B        C        D        E       F      G
               +--------+--------+--------+--------+--------+-----+--------+
         Total |    924 |    924 |      0 |    397 |    396 |   1 |  924.0 |
       Dungeon |    924 |    924 |      0 |    397 |    396 |   1 |  924.0 |
               +--------+--------+--------+--------+--------+-----+--------+

Top non-repeatable levels by time:
     D:1: 924 daAuts
